 Dungeon Crawl Stone Soup version 0.31-a0-1-g4198be8af4 (webtiles) character file.

Game seed: 9164230034947193185

2 subawu the Magician (level 1, 0/15 HPs)
             Began as a Djinni Ice Elementalist on May 1, 2023.
             Frozen to death by an endoplasm (3 damage)
             ... on level 1 of the Dungeon.
             The game lasted 00:05:06 (545 turns).

subawu the Magician (Djinni Ice Elementalist)        Turns: 545, Time: 00:05:07

Health: 0/15       AC:  8    Str:  7    XL:     1   Next: 44%
Gold:   36         EV:  3    Int: 14    God:
                   SH:  0    Dex: 13

rFire   + + .        (no weapon)
rCold   x . .        (no shield)
rNeg    . . .        b - +0 chain mail
rPois   ∞            (no helmet)
rElec   .            (no cloak)
rCorr   .            (no gloves)
SInv    .            (boots unavailable)
Will    +....        (no amulet) Stlth
                     (no ring)
HPRegen 0.22/turn    (no ring)
MPRegen 0.00/turn

%: infuse magic (-1 HP)
@: flying
A: sickness immunity, fire resistance 2, cold vulnerability 1, float, innate
caster, HP casting, extra vitality 1, dopey 1, strong-willed 1
a: no special abilities


You were on level 1 of the Dungeon.
You visited 1 branch of the dungeon, and saw 1 of its levels.

You collected 36 gold pieces.

Inventory:

Armour
 a - a +0 robe
 b - a +0 chain mail (worn)
Scrolls
 c - a scroll of identify
Potions
 d - a potion of curing


   Skills:
 + Level 2.1 Dodging
 + Level 1.5 Stealth
 + Level 3.3 Spellcasting


You knew the following spells:

 Your Spells              Type           Power      Damage    Failure   Level
a - Freeze                Ice            44%        1d6       100%        1
b - Frozen Ramparts       Ice            22%        1d4       100%        3
c - Ozocubu's Armour      Ice            11%        N/A       100%        3
d - Summon Ice Beast      Ice/Summ       11%        N/A       100%        4
Your spell library was empty.


Dungeon Overview and Level Annotations

Branches:
Dungeon (1/15)

Altars:


Innate Abilities, Weirdness & Mutations

You are immune to sickness and miasma.
You are immune to poison.
Your flesh is very heat resistant. (rF++)
You are vulnerable to cold. (rC-)
You float through the air rather than walking.
You learn spells naturally, not from books.
Your magical power is your life essence.
You have superior vitality. (+4 MHP)
You are dopey. (Int -2)
You are strong-willed. (Will+)


Message History

d - a potion of curing
Found a fuming coppery potion.
An endoplasm comes into view.
The endoplasm quivers.
You hit the endoplasm.
The endoplasm is lightly wounded.
The endoplasm freezes you.
You are frozen.
You hit the endoplasm.
The endoplasm is moderately wounded.
The endoplasm completely misses you.
You hit the endoplasm.
The endoplasm is moderately wounded.
The endoplasm hits you but does no damage.
You hit the endoplasm but do no damage.
The endoplasm is moderately wounded.
The endoplasm hits you but does no damage.
You hit the endoplasm but do no damage.
The endoplasm is moderately wounded.
The endoplasm hits you.
You hit the endoplasm but do no damage.
The endoplasm is moderately wounded.
The endoplasm hits you but does no damage.
You hit the endoplasm but do no damage.
The endoplasm is moderately wounded.
The endoplasm freezes you.
You are frozen.
You feel a terrible chill!
You completely miss the endoplasm.
The endoplasm is moderately wounded.
The endoplasm freezes you.
You are frozen.
You feel a terrible chill!
* * * LOW HITPOINT WARNING * * *
You hit the endoplasm.
The endoplasm is heavily wounded.
The endoplasm hits you but does no damage.
You hit the endoplasm.
The endoplasm is heavily wounded.
The endoplasm freezes you.
You are frozen.
You feel a terrible chill!
You die...

#.#.#.. #.#.#.#...# ...
#.##...#.....#
#.......#.#.#...######
...##.###.##...#.........
#...........#.#.......†.
.##.###.###.##...........
...............#...#..#..
#.###.###.###.##...#..##.
......J@.##.##....#.....
####.!#####. #....#.###.
.... # #....#.# ## ....
#......### ###
#########......##
#......##.###.#..
##.####.##.##.##..
#.....>......# #..
#..####.##.##.##.#


You could see an endoplasm.

Vanquished Creatures
  A bat (D:1)
  A frilled lizard (D:1)
  A rat (D:1)
3 creatures vanquished.

Notes
Turn   | Place    | Note
-------+----------+-------------------------------------------
     0 | D:1      | subawu the Djinni Ice Elementalist began the quest for the
                  | Orb.
     0 | D:1      | subawu set off with the following spells memorised: Freeze,
                  | Frozen Ramparts, Ozocubu's Armour, Summon Ice Beast.
     0 | D:1      | Reached XP level 1. HP: 15/15 MP: 0/0
    46 | D:1      | Gained mutation: You are dopey. (Int -2) [potion of
                  | mutation]
    46 | D:1      | Gained mutation: You are strong-willed. (Will+) [potion of
                  | mutation]
   545 | D:1      | Frozen to death by an endoplasm

Illustrated notes

Levels and vault maps discovered:
D:1:      minmay_arrival_checkered_box, layout_loops_cross,
          nicolae_concentric_dashed_squares_mild

Action                     || total
---------------------------++-------
  Melee: Unarmed           ||    47
   Cast: Freeze            ||     2
    Use: Scroll            ||     1
         Potion            ||     1
 Armour: Robe              ||    21
         Chain mail        ||     4
  Dodge: Dodged            ||    70

Table legend: (Time is in decaauts)
 A = Elapsed time spent in this place.
 B = Non-inter-level travel time spent in this place.
 C = Inter-level travel time spent in this place.
 D = Time resting spent in this place.
 E = Time spent auto-exploring this place.
 F = Levels seen in this place.
 G = Mean time per level.
                   A        B        C        D        E       F      G
               +--------+--------+--------+--------+--------+-----+--------+
         Total |    545 |    507 |     38 |    100 |      0 |   1 |  545.0 |
       Dungeon |    545 |    507 |     38 |    100 |      0 |   1 |  545.0 |
               +--------+--------+--------+--------+--------+-----+--------+

Top non-repeatable levels by time:
     D:1: 545 daAuts
